 Dungeon Crawl Stone Soup version 0.21.1-1-g345015f (webtiles) character file.

26 Iko the Ruffian (level 3, -1/20 HPs)
             Began as a Gargoyle Transmuter on May 13, 2018.
             Was a Follower of Vehumet.
             Slain by simples's ghost (3 damage)
             ... on level 3 of the Dungeon.
             The game lasted 00:05:38 (513 turns).

Iko the Ruffian (Gargoyle Transmuter)                Turns: 513, Time: 00:05:39

Health: -1/20      AC:  8    Str: 13      XL:     3   Next: 8%
Magic:  5/6        EV: 10    Int: 12 (13) God:    Vehumet [*.....]
Gold:   54         SH:  0    Dex: 11      Spells: 3/6 levels left

rFire    . . .     SeeInvis .   a - +0 hand axe
rCold    . . .     Gourm    .   (no shield)
rNeg     + . .     Faith    .   b - +0 ring mail
rPois    ∞         Spirit   .   (no helmet)
rElec    +         Reflect  .   (no cloak)
rCorr    .         Harm     .   (no gloves)
MR       .....                  (no boots)
Stlth    +.........             (no amulet)
HPRegen  0.06/turn              (no ring)
MPRegen  0.10/turn              (no ring)

@: very slightly contaminated
A: blink, deterioration 1, negative energy resistance 1, electricity resistance,
unbreathing, petrification resistance, rot immunity, AC +3
a: Blink, Renounce Religion


You were on level 3 of the Dungeon.
You worshipped Vehumet.
Vehumet was aware of your devotion.
You were not hungry.

You visited 1 branch of the dungeon, and saw 3 of its levels.

You collected 54 gold pieces.

Inventory:

Hand Weapons
 a - a +0 hand axe (weapon)
Armour
 b - a +0 ring mail (worn)
Books
 c - a book of Changes

   Spells                             Type                      Level
   a - Beastly Appendage              Transmutation                1
   b - Sticks to Snakes               Transmutation                2
   c - Spider Form                    Transmutation/Poison         3
   d - Ice Form                       Ice/Transmutation            4
   e - Blade Hands                    Transmutation                5
Comestibles
 d - a ration


   Skills:
 + Level 1.1 Fighting
 + Level 0.2 Axes
 + Level 1.8 Dodging
 + Level 3.6 Unarmed Combat
 + Level 2.1 Spellcasting
 + Level 1.9 Transmutations


You had 3 spell levels left.
You knew the following spells:

 Your Spells              Type           Power        Failure   Level  Hunger
a - Spider Form           Tmut/Pois      #.........   77%         3    ####...


Dungeon Overview and Level Annotations

Branches:
Dungeon (3/15)

Altars:
Vehumet

Annotations:
D:3 simples's ghost, amateur SpEn


Innate Abilities, Weirdness & Mutations

You are resistant to torment.
Your stone body is resilient. (AC +3)
You are immune to poison.
You resist negative energy. (rN+)
You are resistant to electric shocks. (rElec)
You can survive without breathing.
You are immune to petrification.
You are immune to rotting.
You can translocate small distances at will.
Your body sometimes deteriorates upon taking damage.


Message History

* * * LOW HITPOINT WARNING * * *
Simples's ghost hits you but does no damage.
You barely miss simples's ghost. Simples's ghost hits you.
* * * LOW HITPOINT WARNING * * *
Your ring mail prevents you from hitting simples's ghost.
Simples's ghost hits you but does no damage.
You barely miss simples's ghost. Your punch misses simples's ghost.
Simples's ghost hits you but does no damage. x2
You closely miss simples's ghost. Simples's ghost closely misses you.
You hit simples's ghost.
Simples's ghost is lightly damaged.
Simples's ghost hits you but does no damage.
You miss simples's ghost.
Simples's ghost is lightly damaged.
Simples's ghost hits you but does no damage.
You closely miss simples's ghost.
Simples's ghost is lightly damaged.
You are no longer glowing.
Simples's ghost hits you.
You die...

... ##.##
#...#
##.#<#.##
##.##.##.##
#....†....#
#..##w##..#
#.#.#W#.#.#
# #.@.# #
##.## #..#
#....
......#
#..#..#
#$.#..#
#... .#
.... .#


You could see simples's ghost and a dart slug.

Vanquished Creatures
  An adder (D:2)
  A dart slug (D:1)
  3 bats
  3 goblins
  A hobgoblin (D:2)
  2 jackals (D:2)
  A quokka (D:3)
  A rat (D:1)
13 creatures vanquished.

Notes
Turn   | Place    | Note
-------+----------+-------------------------------------------
     0 | D:1      | Iko the Gargoyle Transmuter began the quest for the Orb.
     0 | D:1      | Reached XP level 1. HP: 12/12 MP: 3/3
   113 | D:1      | Gained mutation: Your body sometimes deteriorates upon taking damage. [potion of mutation]
   113 | D:1      | Gained mutation: You can translocate small distances at will. [potion of mutation]
   218 | D:1      | Reached XP level 2. HP: 16/16 MP: 5/5
   367 | D:2      | Found a faded altar of an unknown god.
   377 | D:2      | Became a worshipper of Vehumet
   377 | D:2      | Reached * piety under Vehumet
   377 | D:2      | Offered knowledge of Magic Dart by Vehumet.
   435 | D:2      | Reached XP level 3. HP: 20/20 MP: 6/6
   441 | D:2      | Learned a level 3 spell: Spider Form
   476 | D:3      | Noticed simples's ghost (amateur SpEn)
   513 | D:3      | Slain by simples's ghost

Action                   || total
-------------------------++-------
Melee: Unarmed           ||    15
       Hand axe          ||    72
       Punch             ||     1
       Headbutt          ||     2
 Cast: Beastly Appendage ||     2
  Use: Potion            ||     4
       Scroll            ||     2
Armor: Robe              ||    12
       Ring mail         ||    49
Dodge: Dodged            ||    71
